 Dungeon Crawl Stone Soup version 0.30-a0-723-gc1506a1cf0 (webtiles) character file.

Game seed: 9439001333751952710

397 porpoise the Cleaver (level 6, -7/57 HPs)
             Began as a Hill Orc Monk on Jan 29, 2023.
             Mangled by Sigmund
             ... wielding a +0 scythe of protection
              (9 damage)
             ... on level 3 of the Dungeon.
             The game lasted 00:11:38 (3271 turns).

porpoise the Cleaver (Hill Orc Monk)                Turns: 3271, Time: 00:11:39

Health: -7/57      AC:  7    Str: 16    XL:     6   Next: 83%
Magic:  6/6        EV: 11    Int: 10    God:
Gold:   83         SH:  0    Dex: 13    Spells: 5/5 levels left

rFire   . . .      SeeInvis .    a - +0 hand axe
rCold   . . .      Faith    .    (no shield)
rNeg    . . .      Spirit   .    g - +0 ring mail
rPois   .          Reflect  .    (no helmet)
rElec   .          Harm     .    (no cloak)
rCorr   .          Rampage  .    i - +0 pair of gloves
Will    .....                    k - +0 pair of boots
Stlth   +                        (no amulet)
HPRegen 0.29/turn                (no ring)
MPRegen 0.10/turn                (no ring)

@: brilliant
A: no striking features
a: no special abilities


You were on level 3 of the Dungeon.
You visited 1 branch of the dungeon, and saw 3 of its levels.

You collected 83 gold pieces.

Inventory:

Hand Weapons
 a - a +0 hand axe (weapon)
Armour
 g - a +0 ring mail (worn)
 i - a +0 pair of gloves (worn)
 k - a +0 pair of boots (worn)
Jewellery
 h - a ring of wizardry
Scrolls
 b - a scroll of enchant weapon {unknown}
 d - 2 scrolls of teleportation {unknown}
 e - a scroll of magic mapping {unknown}
 f - a scroll of noise {unknown}
 j - a scroll of blinking {unknown}
 l - a scroll of identify {unknown}
 n - a scroll of fear {unknown}


   Skills:
 + Level 5.9 Fighting
 * Level 8.3 Axes
 - Level 2.4 Dodging
 - Level 1.5 Stealth


You had 5 spell levels left.
You didn't know any spells.
Your spell library was empty.

Dungeon Overview and Level Annotations

Branches:
Dungeon (3/15)

Altars:
Sif Muna

Shops:
D:3 =

Annotations:
D:3 Sigmund


Message History

You hit something.
You hear some strange, mumbled words.
Something tries to affect you, but you resist.
You barely miss something. Something hits you.
* * * LOW HITPOINT WARNING * * *
You hit something. You miss something. Your punch misses something.
Something hits you.
* * * LOW HITPOINT WARNING * * *
You closely miss something. You barely miss something. Something hits you.
* * * LOW HITPOINT WARNING * * *
You miss something. Something hits you.
* * * LOW HITPOINT WARNING * * *
Okay, then.
You are confused.
You feel invigorated. Something hits you!
* * * LOW HITPOINT WARNING * * *
You hear some strange, mumbled words.
A magic dart appears from out of thin air!
The magic dart hits you!
* * * LOW HITPOINT WARNING * * *
Something hits you.
* * * LOW HITPOINT WARNING * * *
You feel less invigorated.
You feel less confused.
You miss something. Something hits you.
* * * LOW HITPOINT WARNING * * *
You closely miss something. You barely miss something.
Something hits you but does no damage.
You barely miss something.
Sigmund appears from thin air!
Reactivating autopickup.
Sigmund hits you with a +0 scythe of protection.
* * * LOW HITPOINT WARNING * * *
You hit Sigmund. Your punch misses Sigmund.
Sigmund is heavily wounded.
You slash Sigmund!
Sigmund is almost dead.
Sigmund hits you with a +0 scythe of protection!
You die...

### #.##.##.# #
..##....# #.# ####.#
#.# #.# #.# #.# #.#
#.# #.# # #.# #.# #.#
#@# #####.####@##
#...........#
#######.###...#####
...............#
#######.##...#.#
#[##...#.#
#######.##...#.######
....................#
......#.#..#.#.##)###


You could see Sigmund.

Vanquished Creatures
  Grinder (D:3)
  4 gnolls (D:2)
  7 adders
  3 river rats (D:3)
  2 worms (D:3)
  A dart slug (D:2)
  6 orcs (D:3)
  3 bats
  2 endoplasms
  2 giant cockroaches
  A hobgoblin (D:1)
  4 kobolds
  A quokka (D:2)
  7 ball pythons
  6 frilled lizards
  10 goblins
  6 rats
66 creatures vanquished.

Notes
Turn   | Place    | Note
-------+----------+-------------------------------------------
     0 | D:1      | porpoise the Hill Orc Monk began the quest for the Orb.
     0 | D:1      | Reached XP level 1. HP: 19/19 MP: 1/1
   167 | D:1      | Reached XP level 2. HP: 27/27 MP: 2/2
   641 | D:1      | Found a faded altar of an unknown god.
   977 | D:2      | Reached skill level 5 in Axes
   977 | D:2      | Reached XP level 3. HP: 13/33 MP: 3/3
  1461 | D:2      | Reached XP level 4. HP: 41/41 MP: 4/4
  1585 | D:2      | Found a shimmering blue altar of Sif Muna.
  1674 | D:2      | Reached skill level 6 in Axes
  2319 | D:3      | Noticed Grinder
  2328 | D:3      | Paralysed by Grinder for 2 turns
  2348 | D:3      | Paralysed by Grinder for 3 turns
  2352 | D:3      | Killed Grinder
  2353 | D:3      | Reached skill level 5 in Fighting
  2353 | D:3      | Reached skill level 7 in Axes
  2353 | D:3      | Reached XP level 5. HP: 47/50 MP: 5/5
  2353 | D:3      | Reached XP level 6. HP: 54/57 MP: 6/6
  2414 | D:3      | Found Ynoe's Jewellery Shop.
  2446 | D:3      | Reached skill level 8 in Axes
  3227 | D:3      | Noticed Sigmund
  3269 | D:3      | HP: 2/57 [Sigmund/+0 scythe of protection (4)]
  3271 | D:3      | Mangled by Sigmund

Illustrated notes

Levels and vault maps discovered:
D:1:      roderic_chinese_lattice_arrival, layout_basic,
          hellmonk_ecumenical_altar_inner_sanctum, minmay_strange_pillars
D:2:      layout_loops_ring, basic_altar, minivault_23
D:3:      layout_basic, serial_shops, shop_fountains, lightli_sewer_entry_pipes,
          grunt_ministairs_13, st_stairs_6, minmay_misc_feat_x, uniq_sigmund,
          uniq_grinder

Skill      XL: |  1  2  3  4  5  6 |
---------------+-------------------+-----
Fighting       | 4 5 |  5.9
Axes           | 5 7 8 |  8.3
Dodging        | |  2.4
Stealth        | |  1.5

Action                     |  1- 3 |  4- 6 || total
---------------------------+-------+-------++-------
  Melee: Hand axe          |    95 |   237 ||   332
         Punch             |     1 |     1 ||     2
    Use: Potion            |     1 |     4 ||     5
   Stab: Sleeping          |     1 |       ||     1
         Invisible         |     5 |     5 ||    10
 Armour: Robe              |     4 |       ||     4
         Ring mail         |    25 |    73 ||    98
         Skin              |       |    25 ||    25
  Dodge: Dodged            |    41 |   113 ||   154

Table legend: (Time is in decaauts)
 A = Elapsed time spent in this place.
 B = Non-inter-level travel time spent in this place.
 C = Inter-level travel time spent in this place.
 D = Time resting spent in this place.
 E = Time spent auto-exploring this place.
 F = Levels seen in this place.
 G = Mean time per level.
                   A        B        C        D        E       F      G
               +--------+--------+--------+--------+--------+-----+--------+
         Total |   3296 |   3254 |     42 |    643 |   1832 |   3 | 1098.7 |
       Dungeon |   3296 |   3254 |     42 |    643 |   1832 |   3 | 1098.7 |
               +--------+--------+--------+--------+--------+-----+--------+

Top non-repeatable levels by time:
     D:3: 1411 daAuts
     D:1: 974 daAuts
     D:2: 911 daAuts
